 Dungeon Crawl Stone Soup version 0.31.0-1-g2c135a008e (webtiles) character file.

Game seed: 16778854990338544768

286 qw the Shooter (level 6, -2/46 HPs)
             Began as a Djinni Hunter on Jan 23, 2024.
             Killed from afar by an electric eel (10 damage)
             ... with a bolt of electricity
             ... on level 7 of the Dungeon.
             The game lasted 00:00:11 (2995 turns).

qw the Shooter (Djinni Hunter)                      Turns: 2995, Time: 00:00:12

Health: -2/46      AC: 10    Str: 10    XL:     6   Next: 56%
Gold:   23         EV: 12    Int: 10    God:
                   SH:  0    Dex: 19

rFire   + + +        a - +0 shortbow
rCold   . . .        (shield currently unavailable)
rNeg    . . .        f - +0 ring mail
rPois   inf          g - +2 hat
rElec   .            e - +2 cloak
rCorr   .            (no gloves)
SInv    .            (boots unavailable)
Will    .....        (no amulet)
Stlth   +            d - ring of protection from fire
HPRegen 0.27/turn    c - ring of protection from cold
MPRegen 0.00/turn

%: infuse magic (-3 HP)
@: about to teleport, flying
A: sickness immunity, fire resistance 2, cold vulnerability 1, float, innate
caster, HP casting, extra vitality 1
a: no special abilities


You were on level 7 of the Dungeon.
You visited 1 branch of the dungeon, and saw 5 of its levels.

You collected 167 gold pieces.
You spent 144 gold pieces at shops.


Innate Abilities, Weirdness & Mutations

You are immune to sickness and miasma.
You are immune to poison.
Your flesh is very heat resistant. (rF++)
You are vulnerable to cold. (rC-)
You float through the air rather than walking.
You learn spells naturally, not from books.
Your magical power is your life essence.
You have superior vitality. (+4 MHP)


   Skills:
 + Level 3.0 Fighting
 - Level 5.1 Ranged Weapons
 - Level 1.0 Armour
 - Level 3.8 Dodging
 - Level 0.7 Stealth


You knew the following spells:

 Your Spells              Type           Power      Damage    Failure   Level
a - Slow                  Hex            0%         N/A       67%         1
b - Blink                 Tloc           0%         N/A       82%         2
Your spell library was empty.

Inventory:

Hand Weapons
 a - a +0 shortbow (weapon)
Armour
 e - a +2 cloak (worn)
 f - a +0 ring mail (worn)
 g - a +2 hat (worn)
Jewellery
 c - a ring of protection from cold (right hand)
 d - a ring of protection from fire (left hand)
 h - a +6 ring of dexterity
Wands
 j - a wand of flame (16)
Scrolls
 i - a scroll of identify
 m - a scroll of poison {unknown}
Potions
 k - a potion of haste {unknown}
 l - a potion of curing {unknown}

Dungeon Overview and Level Annotations

Branches:
Dungeon (4/15)
 Temple: D:4-7

Altars:

Shops:
D:2 *   D:4 *


Message History

You shoot an arrow. The bullfrog croaks.
The arrow hits the bullfrog!
The bullfrog is moderately wounded.
You shoot an arrow. The arrow misses the bullfrog.
You shoot an arrow. The arrow closely misses the bullfrog.
The bullfrog hits you but does no damage.
You shoot an arrow. The arrow hits the bullfrog.
The bullfrog is heavily wounded.
The bullfrog misses you.
The bullfrog hits you but does no damage.
You shoot an arrow. The arrow hits the bullfrog!
You kill the bullfrog!
You feel your intelligence returning.
Your Dodging skill increases to level 3!
Found a quarterstaff.
Found a stone staircase leading down.
An electric eel comes into view.
You shoot an arrow. The arrow misses the electric eel.
You shoot an arrow.
The arrow barely misses the electric eel.
The electric eel shoots out a bolt of lightning at you!
The bolt of electricity hits you!
You shoot an arrow. The arrow hits the electric eel.
The electric eel is lightly wounded.
The electric eel shoots out a bolt of lightning at you!
The bolt of electricity hits you!
You shoot an arrow.
The arrow barely misses the electric eel.
The electric eel shoots out a bolt of lightning at you!
The bolt of electricity hits you!
You shoot an arrow.
The arrow closely misses the electric eel.
The electric eel shoots out a bolt of lightning at you!
The bolt of electricity hits you!
2995 ||| READING scroll of teleportation.
As you read the scroll of teleportation, it crumbles to dust.
You feel strangely unstable.
The electric eel shoots out a bolt of lightning at you!
The bolt of electricity hits you!
You die...

####.#.####.#...#~~#. #
#....#.####..###~~~~###
#....'....#.... ~~~~~.
#....#.##.#....~~~~~~.
#....#.##.#..###~~~~###
#....#.##.#.#...#~~#.
#....#....#.#.}.#~~# #
#....####...#...#S~#...#
+....#..%....###@..~#
#....#...............)..
#........####..##.#
............. .>..
#.####.####### .### #.
..# .# # ##.# # #.


You could see an electric eel.

Vanquished Creatures
  An ogre (D:3)
  A bullfrog (D:7)
  A bombardier beetle (D:4)
  An orc wizard (D:3)
  An adder (D:2)
  3 dart slugs (D:1)
  4 orcs (D:3)
  4 ball pythons
  5 bats
  5 endoplasms
  4 giant cockroaches
  4 goblins
  3 hobgoblins
  3 jackals (D:2)
  10 kobolds
  A quokka (D:1)
  A frilled lizard (D:2)
  3 rats
55 creatures vanquished.

Notes
Turn   | Place    | Note
-------+----------+-------------------------------------------
     0 | D:1      | qw the Djinni Hunter began the quest for the Orb.
     0 | D:1      | Reached XP level 1. HP: 18/18 MP: 0/0
     0 | D:1      | 0 ||| qw: Version: 0.3-a-135-gb77e89d
     0 | D:1      | 0 ||| qw: Game counter: 867
     0 | D:1      | 0 ||| qw: Melee chars always use a shield: true
     0 | D:1      | 0 ||| qw: God list: Okawaru
     0 | D:1      | 0 ||| qw: Allow faded altars: false
     0 | D:1      | 0 ||| qw: Do Orc after clearing Dungeon:15 true
     0 | D:1      | 0 ||| qw: Do second Lair branch before Depths: true
     0 | D:1      | 0 ||| qw: Lair rune preference: random
     0 | D:1      | 0 ||| qw: Goals: Normal
     0 | D:1      | 0 ||| PLANNING D:1-11
    88 | D:1      | Reached XP level 2. HP: 23/23 MP: 0/0
    93 | D:1      | 93 ||| RETREEEEATING.
   213 | D:1      | Reached skill level 4 in Ranged Weapons
   213 | D:1      | Reached XP level 3. HP: 19/28 MP: 0/0
   213 | D:1      | Learned a level 1 spell: Slow
   615 | D:1      | 615 ||| UPGRADING to +2 cloak.
   620 | D:1      | 620 ||| UPGRADING to +0 ring mail.
   630 | D:1      | 630 ||| DROPPING +0 leather armour.
   631 | D:1      | 631 ||| UPGRADING to ring of protection from fire.
   632 | D:1      | 632 ||| READING scroll labelled LEJAGI DUUQ.
   633 | D:1      | 633 ||| DROPPING scroll of butterflies.
   746 | D:2      | Found Umuneung's Assorted Antiques.
   761 | D:2      | 761 ||| BUYING grey potion (21 gold).
   761 | D:2      | Bought a grey potion for 21 gold pieces
   761 | D:2      | 761 ||| SHOPLISTING runed leather armour (120 gold, have
                  | 20).
   761 | D:2      | 761 ||| SHOPLISTING scroll labelled IJYBLEUDYA (24 gold,
                  | have 20).
   761 | D:2      | 761 ||| SHOPLISTING scroll labelled KAIQICZ SYNUA (24 gold,
                  | have 20).
   761 | D:2      | 761 ||| SHOPLISTING scroll labelled SAJALI UGAULEU (24
                  | gold, have 20).
   761 | D:2      | 761 ||| SHOPLISTING scroll labelled TIUMPU YCIUQ (24 gold,
                  | have 20).
   847 | D:2      | Reached skill level 1 in Armour
   875 | D:2      | Reached XP level 4. HP: 34/34 MP: 0/0
  1305 | D:2      | Reached skill level 3 in Fighting
  1392 | D:2      | 1392 ||| READING scroll labelled ETOAMYKKAMA.
  1493 | D:2      | 1493 ||| READING scroll labelled TIUMPU YCIUQ.
  1493 | D:2      | 1493 ||| IDENTIFYING murky brown potion
  1494 | D:2      | 1494 ||| READING scroll labelled WEYCET TUVEQ.
  1556 | D:2      | 1556 ||| READING scroll labelled PIMEURH JAATOE.
  1557 | D:2      | 1557 ||| READING scroll labelled BAEG TUXKYRO.
  1562 | D:2      | 1562 ||| DROPPING potion of attraction.
  1929 | D:3      | 1929 ||| RETREEEEATING.
  1937 | D:3      | 1937 ||| DRINKING 2 puce potions.
  1938 | D:3      | 1938 ||| DRINKING grey potion.
  1942 | D:3      | 1942 ||| DRINKING 3 bubbling ruby potions.
  1944 | D:3      | 1944 ||| RETREEEEATING.
  1945 | D:3      | 1945 ||| RETREEEEATING.
  1946 | D:3      | 1946 ||| RETREEEEATING.
  1948 | D:3      | 1948 ||| RETREEEEATING.
  1951 | D:3      | 1951 ||| DRINKING metallic clear potion.
  1959 | D:3      | Reached XP level 5. HP: 26/40 MP: 0/0
  1959 | D:3      | Learned a level 2 spell: Blink
  2069 | D:3      | Noticed an ogre
  2075 | D:3      | HP: 6/40 [ogre/+0 giant spiked club (15)]
  2076 | D:3      | 2076 ||| DRINKING potion of heal wounds.
  2080 | D:3      | Killed an ogre
  2081 | D:3      | Reached skill level 5 in Ranged Weapons
  2282 | D:3      | 2282 ||| UPGRADING to +2 hat.
  2287 | D:3      | 2287 ||| UPGRADING to ring of protection from cold.
  2288 | D:3      | 2288 ||| DROPPING 2 potions of degeneration.
  2422 | D:4      | Reached XP level 6. HP: 46/46 MP: 0/0
  2802 | D:4      | Found Ideprief's Gadget Gallery.
  2808 | D:4      | 2808 ||| BUYING wand of flame (16) (123 gold).
  2808 | D:4      | Bought a wand of flame (16) for 123 gold pieces
  2808 | D:4      | 2808 ||| SHOPLISTING wand of paralysis (5) (132 gold, have
                  | 23).
  2808 | D:4      | 2808 ||| SHOPLISTING wand of roots (6) (158 gold, have 23).
  2948 | D:4      | You are sucked into a shaft and drop 3 floors!
  2983 | D:7      | Reached skill level 3 in Dodging
  2994 | D:7      | HP: 8/46 [electric eel/bolt of electricity (8)]
  2995 | D:7      | 2995 ||| READING scroll of teleportation.
  2995 | D:7      | Killed from afar by an electric eel

Levels and vault maps discovered:
D:1:      saegor_arrival_miasma, layout_basic, minmay_hedge_maze,
          minmay_hexomino_c4
D:2:      layout_basic, serial_shops, shop, chequers_serial_rivers_micro_a,
          guppyfry_early_lair_pool
D:3:      layout_loops_cross
D:4:      layout_layer_cave, nicolae_shop_gadgets
D:7:      layout_basic, fountainhead, uniq_pikel, uniq_duvessa, uniq_joseph

Skill      XL: |  1  2  3  4  5  6 |
---------------+-------------------+-----
Ranged Weapons | 4 5 |  5.1
Armour         | 1 |  1.0
Fighting       | 3 |  3.0
Dodging        | 3 |  3.8
Stealth        | |  0.7

Action                     |  1- 3 |  4- 6 || total
---------------------------+-------+-------++-------
   Fire: Shortbow          |   100 |    82 ||   182
    Use: Scroll            |     1 |     6 ||     7
         Potion            |       |     5 ||     5
 Armour: Leather armour    |    26 |       ||    26
         Ring mail         |    16 |    54 ||    70
  Dodge: Dodged            |    54 |    43 ||    97

Table legend:
 A = Non-vault XP
 B = Vault XP
 C = Vault XP percentage of total XP
 D = Non-vault monster count
 E = Vault monster count
 F = Vault count percentage of total count
                 A         B        C        D         E       F
            +---------+---------+-------+---------+---------+-------
      Total |     395 |      14 |   3.4 |      48 |       7 |  12.7
            +---------+---------+-------+---------+---------+-------
        D:1 |      38 |      14 |  26.9 |      18 |       7 |  28.0
        D:2 |      37 |       0 |   0.0 |      14 |       0 |   0.0
        D:3 |     177 |       0 |   0.0 |      13 |       0 |   0.0
        D:4 |      50 |       0 |   0.0 |       2 |       0 |   0.0
        D:7 |      93 |       0 |   0.0 |       1 |       0 |   0.0
            +---------+---------+-------+---------+---------+-------
